 Dungeon Crawl Stone Soup version 0.30.1-11-g7821555f0a (webtiles) character file.

Game seed: 8847849949739141431

42 Martska the Ducker (level 3, 0/28 HPs)
             Began as a Human Gladiator on Dec 1, 2023.
             Slain by an adder (3 damage)
             ... on level 2 of the Dungeon.
             The game lasted 00:01:39 (995 turns).

Martska the Ducker (Human Gladiator)                 Turns: 995, Time: 00:01:40

Health: 0/28       AC:  4    Str: 14    XL:     3   Next: 77%
Magic:  3/3        EV: 13    Int:  8    God:
Gold:   24         SH:  0    Dex: 16    Spells: 2/2 levels left

rFire   . . .        a - +0 rapier
rCold   . . .        (no shield)
rNeg    . . .        b - +0 leather armour
rPois   .            c - +0 helmet
rElec   .            (no cloak)
rCorr   .            (no gloves)
SInv    .            (no boots)
Will    .....        (no amulet)
Stlth   ++           (no ring)
HPRegen 0.24/turn    (no ring)
MPRegen 0.08/turn

%: no passive effects
@: flying
A: no striking features
a: no special abilities


You were on level 2 of the Dungeon.
You visited 1 branch of the dungeon, and saw 2 of its levels.

You collected 24 gold pieces.

Inventory:

Hand Weapons
 a - a +0 rapier (weapon)
Missiles
 d - 5 throwing nets (quivered)
 e - a javelin
Armour
 b - a +0 leather armour (worn)
 c - a +0 helmet (worn)
Jewellery
 l - a ring of resist corrosion
Scrolls
 f - 3 scrolls of blinking {unknown}
 g - a scroll of enchant weapon {unknown}
 h - a scroll of fear {unknown}
 i - a scroll of teleportation {unknown}
 j - a scroll of enchant armour {unknown}
 k - 3 scrolls of identify {unknown}


   Skills:
 * Level 2.7 Fighting
 - Level 3.0 Short Blades
 - Level 2.0 Throwing
 * Level 3.5 Dodging
 * Level 1.7 Stealth


You had 2 spell levels left.
You didn't know any spells.
Your spell library was empty.

Dungeon Overview and Level Annotations

Branches:
Dungeon (2/15)

Altars:

Shops:
D:1 ?*!


Message History

You closely miss the adder.
The adder is heavily wounded.
You feel sick.
You are no longer poisoned.
The adder barely misses you. The adder closely misses you.
You hit the adder but do no damage.
The adder is heavily wounded.
The adder closely misses you.
You closely miss the adder.
The adder is heavily wounded.
The adder closely misses you.
You closely miss the adder.
The adder is heavily wounded.
The adder misses you. The adder barely misses you.
You closely miss the adder.
The adder is heavily wounded.
The adder barely misses you.
You miss the adder.
The adder is moderately wounded.
The adder closely misses you.
You closely miss the adder.
The adder is moderately wounded.
The adder closely misses you. The adder bites you.
* * * LOW HITPOINT WARNING * * *
You miss the adder.
The adder is moderately wounded.
The adder closely misses you.
You puncture the adder!
The adder is almost dead.
The adder completely misses you. The adder misses you.
You completely miss the adder.
The adder is almost dead.
The adder closely misses you.
You barely miss the adder.
The adder is almost dead.
The adder barely misses you.
You hit the adder but do no damage.
The adder is almost dead.
The adder bites you but does no damage. The adder bites you.
You die...

........... ........... ###
#...###### #.. ###..## #.#
##..### #.# ##...# #.#####
#######.#########.#...#
..................#.#.##.##
########........@S.........
############.#.##.# #.#
#....†....# #.....#####
#.....# #.....# ###########
#.....# #.......... #.....#


You could see an adder.

Vanquished Creatures
  2 endoplasms (D:1)
  4 giant cockroaches
  2 goblins
  10 hobgoblins
  2 kobolds (D:1)
  5 ball pythons
  6 bats
  2 frilled lizards
  2 rats
35 creatures vanquished.

Notes
Turn   | Place    | Note
-------+----------+-------------------------------------------
     0 | D:1      | Martska the Human Gladiator began the quest for the Orb.
     0 | D:1      | Reached XP level 1. HP: 16/16 MP: 1/1
    68 | D:1      | Found Qedosesu's Distillery.
   142 | D:1      | Found Catei's General Store.
   179 | D:1      | Reached XP level 2. HP: 20/22 MP: 2/2
   190 | D:1      | Reached skill level 1 in Stealth
   254 | D:1      | Reached XP level 3. HP: 28/28 MP: 3/3
   714 | D:1      | Found Tymuuq's Magic Scroll Emporium.
   962 | D:2      | Identified the +2 leather armour "Innaops" {Harm Will+
                  | Dex+4 Slay+3}
   984 | D:2      | HP: 1/28 [poisoned by an adder]
   995 | D:2      | Slain by an adder

Illustrated notes

Levels and vault maps discovered:
D:1:      dpeg_arrival_court, layout_loops_ring, serial_shops,
          nicolae_shop_hallway_plus, nicolae_shop_rolled_up,
          nicolae_shop_crystal, st_stairs_4, grunt_decor_junction
D:2:      layout_basic

Skill      XL: |  1  2 |
---------------+-------+-----
Stealth        | 1 |  1.7
Fighting       | |  2.7
Short Blades   | |  3.0
Throwing       | |  2.0
Dodging        | |  3.5

Action                     || total
---------------------------++-------
  Melee: Rapier            ||   117
    Use: Potion            ||     1
   Stab: Sleeping          ||     3
 Armour: Leather armour    ||    36
  Dodge: Dodged            ||    97
